TOP OF THE 1ST |
Newark Bulldogs batting - Pitching for Minnesota ManBearPigs : RHP Curt Howard
|
Pitching: RHP Curt Howard
|
|
Batting: LHB Gerardo Guzmán
|
0-0: Ground out 3-1 (Groundball, 34S)
|
Batting: RHB Wilson Flores
|
0-0: Ball 1-0: Called Strike 1-1: Ball 2-1: Ball 3-1: DOUBLE (Line Drive, 9LM)
|
Batting: LHB Gabriel Aragón
|
0-0: Ball 1-0: Foul Ball, location: 2F 1-1: Ball Wilson Flores is caught stealing 3rd base 2-1: Foul Ball, location: 2F 2-2: Ball 3-2: Foul Ball, location: 2F 3-2: Fly out, F8 (Line Drive, 8RM)
|
Top of the 1st over - 0 run(s), 1 hit(s), 0 error(s), 0 left on base; Newark 0 - Minnesota 0 |
BOTTOM OF THE 1ST |
Minnesota ManBearPigs batting - Pitching for Newark Bulldogs : RHP Ben Larsen
|
Pitching: RHP Ben Larsen
|
|
Batting: RHB Carlos López
|
0-0: Ball 1-0: Fly out, F8 (Flyball, 89M)
|
Batting: RHB Ricardo Salazar
|
0-0: Foul Ball, location: 2F 0-1: Ball 1-1: Ball 2-1: Ball 3-1: Base on Balls
|
Batting: LHB Elvin Summers
|
0-0: Ball 1-0: Ball 2-0: Ball 3-0: Called Strike 3-1: Fielders Choice at 2nd, 4-6 (Groundball, 4M)
|
Batting: RHB Irving Galloway
|
0-0: Ball 1-0: Called Strike Elvin Summers steals 2nd base 1-1: Ball 2-1: Foul Ball, location: 2F 2-2: Fly out, F8 (Flyball, 8LD)
|
Bottom of the 1st over - 0 run(s), 0 hit(s), 0 error(s), 1 left on base; Newark 0 - Minnesota 0 |
TOP OF THE 2ND |
Newark Bulldogs batting - Pitching for Minnesota ManBearPigs : RHP Curt Howard
|
Batting: RHB Tony Long
|
0-0: Called Strike 0-1: Foul Ball, location: 2F 0-2: Ball 1-2: Ball 2-2: Ground out 5-3 (Groundball, 56S)
|
Batting: LHB Wes Stone
|
0-0: Ball 1-0: Foul Ball, location: 2F 1-1: Foul Ball, location: 2F 1-2: Ball 2-2: Foul Ball, location: 2F 2-2: Foul Ball, location: 2F 2-2: Foul Ball, location: 2F 2-2: SOLO HOME RUN (Flyball, 7D), Distance : 403 ft
|
Batting: RHB Norris Howard
|
0-0: Swinging Strike 0-1: Ball 1-1: Swinging Strike 1-2: Foul Ball, location: 2F 1-2: Foul Ball, location: 2F 1-2: Strikes out looking
|
Batting: LHB Wes Thompson
|
0-0: Ball 1-0: Ball 2-0: Called Strike 2-1: SINGLE (Groundball, 4MD)
|
Batting: RHB Joe Baker
|
0-0: Ball 1-0: Called Strike 1-1: SINGLE (Groundball, 4MD) Wes Thompson to second
|
Batting: RHB Stan Simpson
|
0-0: Fielders Choice at 2nd, U4 (Groundball, 4M)
|
Top of the 2nd over - 1 run(s), 3 hit(s), 0 error(s), 2 left on base; Newark 1 - Minnesota 0 |
BOTTOM OF THE 2ND |
Minnesota ManBearPigs batting - Pitching for Newark Bulldogs : RHP Ben Larsen
|
Batting: LHB Dave Raines
|
0-0: Foul Ball, location: 2F 0-1: Ball 1-1: Foul Ball, location: 2F 1-2: Foul Ball, location: 2F 1-2: DOUBLE (Flyball, 78M)
|
Batting: RHB Juan Trujillo
|
0-0: Called Strike 0-1: Ball 1-1: Ball 2-1: Foul Ball, location: 2F 2-2: Foul Ball, location: 2F 2-2: Ball 3-2: SINGLE (Line Drive, 56D) Dave Raines to third
|
Batting: RHB Carlos Luna
|
0-0: Swinging Strike 0-1: Called Strike 0-2: Fly out, F9 (Flyball, 89S)
|
Batting: SHB Juan Carlos González
|
0-0: Ball 1-0: Called Strike Juan Trujillo steals 2nd base 1-1: 3-RUN HOME RUN (Flyball, 9D), Distance : 383 ft
|
Batting: RHB Pedro López
|
0-0: Ball 1-0: Ball 2-0: Called Strike 2-1: Called Strike 2-2: Foul Ball, location: 2F 2-2: SINGLE (Line Drive, 7LS)
|
Batting: RHB Carlos López
|
0-0: Called Strike 0-1: DOUBLE (Line Drive, 7LM) Pedro López to third
|
Batting: RHB Ricardo Salazar
|
0-0: Foul Ball, location: 2F 0-1: Fly out, F8 (Flyball, 8RS)
|
Batting: LHB Elvin Summers
|
0-0: Swinging Strike 0-1: Ball 1-1: Fly out, F3 (Popup, 3L)
|
Bottom of the 2nd over - 3 run(s), 5 hit(s), 0 error(s), 2 left on base; Newark 1 - Minnesota 3 |
TOP OF THE 3RD |
Newark Bulldogs batting - Pitching for Minnesota ManBearPigs : RHP Curt Howard
|
Batting: LHB Gerardo Guzmán
|
0-0: Ball 1-0: Swinging Strike 1-1: Ball 2-1: Foul Ball, location: 2F 2-2: Strikes out looking
|
Batting: RHB Wilson Flores
|
0-0: Called Strike 0-1: Swinging Strike 0-2: Ball 1-2: SINGLE (Flyball, 8LS)
|
Batting: LHB Gabriel Aragón
|
0-0: Ball 1-0: Ball 2-0: DOUBLE (Line Drive, 9LD) Wilson Flores to third
|
Batting: RHB Tony Long
|
0-0: Ball 1-0: Foul Ball, location: 2F 1-1: Swinging Strike 1-2: Ball 2-2: Strikes out swinging
|
Batting: LHB Wes Stone
|
0-0: Ball 1-0: Swinging Strike 1-1: Ball 2-1: Ball 3-1: Fly out, F9 (Flyball, 89M)
|
Top of the 3rd over - 0 run(s), 2 hit(s), 0 error(s), 2 left on base; Newark 1 - Minnesota 3 |
BOTTOM OF THE 3RD |
Minnesota ManBearPigs batting - Pitching for Newark Bulldogs : RHP Ben Larsen
|
Batting: RHB Irving Galloway
|
0-0: Called Strike 0-1: Swinging Strike 0-2: Ground out 6-3 (Groundball, 6)
|
Batting: LHB Dave Raines
|
0-0: Foul Ball, location: 2F 0-1: Swinging Strike 0-2: Ball 1-2: Ball 2-2: Foul Ball, location: 2F 2-2: Ball 3-2: Base on Balls
|
Batting: RHB Juan Trujillo
|
0-0: Foul Ball, location: 2F 0-1: Foul Ball, location: 2F 0-2: Ball 1-2: Ball 2-2: Foul Ball, location: 2F 2-2: Ball 3-2: Base on Balls Dave Raines to second
|
Batting: RHB Carlos Luna
|
0-0: Ball 1-0: Called Strike 1-1: Fielders Choice at 2nd, 1-6 (Groundball, P) Dave Raines to third
|
Batting: SHB Juan Carlos González
|
0-0: Ball 1-0: Ball 2-0: Foul Ball, location: 2F 2-1: Ball 3-1: Fly out, F4 (Line Drive, 4)
|
Bottom of the 3rd over - 0 run(s), 0 hit(s), 0 error(s), 2 left on base; Newark 1 - Minnesota 3 |
TOP OF THE 4TH |
Newark Bulldogs batting - Pitching for Minnesota ManBearPigs : RHP Curt Howard
|
Batting: RHB Norris Howard
|
0-0: Called Strike 0-1: Ball 1-1: Ball 2-1: SINGLE (Groundball, 56) (infield hit)
|
Batting: LHB Wes Thompson
|
0-0: Ball 1-0: Ball 2-0: Fly out, F8 (Flyball, 8LXD)
|
Batting: RHB Joe Baker
|
0-0: Ball 1-0: Called Strike 1-1: Fly out, F9 (Flyball, 9LS)
|
Batting: RHB Stan Simpson
|
0-0: Ball 1-0: Called Strike 1-1: Ball 2-1: DOUBLE (Flyball, 9LM) Norris Howard to third Runner from 3rd tries for Home, SAFE, no throw
|
Batting: LHB Gerardo Guzmán
|
0-0: Ball 1-0: Called Strike 1-1: Ball 2-1: Fly out, F3 (Popup, 3L)
|
Top of the 4th over - 1 run(s), 2 hit(s), 0 error(s), 1 left on base; Newark 2 - Minnesota 3 |
BOTTOM OF THE 4TH |
Minnesota ManBearPigs batting - Pitching for Newark Bulldogs : RHP Ben Larsen
|
Batting: RHB Pedro López
|
0-0: Ball 1-0: SOLO HOME RUN (Flyball, 8RXD), Distance : 426 ft
|
Batting: RHB Carlos López
|
0-0: Called Strike 0-1: Foul Ball, location: 2F 0-2: Strikes out swinging
|
Batting: RHB Ricardo Salazar
|
0-0: Ball 1-0: Ball 2-0: Ground out 6-3 (Groundball, 56)
|
Batting: LHB Elvin Summers
|
0-0: Ball 1-0: Ball 2-0: Ball 3-0: Called Strike 3-1: Fly out, F6 (Popup, 6D)
|
Bottom of the 4th over - 1 run(s), 1 hit(s), 0 error(s), 0 left on base; Newark 2 - Minnesota 4 |
TOP OF THE 5TH |
Newark Bulldogs batting - Pitching for Minnesota ManBearPigs : RHP Curt Howard
|
Batting: RHB Wilson Flores
|
0-0: Ball 1-0: Bunt missed! 1-1: SINGLE (Groundball, 6MD)
|
Batting: LHB Gabriel Aragón
|
0-0: Ball 1-0: Ball 2-0: Called Strike 2-1: Foul Ball, location: 2F 2-2: 2-RUN HOME RUN (Line Drive, 7LD), Distance : 370 ft
|
Pitching: RHP Gabriel McDaniel
|
|
Batting: RHB Tony Long
|
0-0: Ball 1-0: Ball 2-0: Foul Ball, location: 2F 2-1: Ball 3-1: Base on Balls
|
Batting: LHB Wes Stone
|
0-0: Foul Ball, location: 2F 0-1: Foul Ball, location: 2F 0-2: Ball 1-2: Foul Ball, location: 2F 1-2: Strikes out swinging
|
Batting: RHB Norris Howard
|
0-0: Ball 1-0: Ball 2-0: Called Strike 2-1: SINGLE (Line Drive, 78M) Tony Long to second
|
Batting: LHB Wes Thompson
|
0-0: Ball 1-0: Fly out, F8 (Flyball, 8LM)
|
Batting: RHB Joe Baker
|
0-0: Ball 1-0: Ball 2-0: Ball 3-0: Fielders Choice at 2nd, 5-4 (Groundball, 56)
|
Top of the 5th over - 2 run(s), 3 hit(s), 0 error(s), 1 left on base; Newark 4 - Minnesota 4 |
BOTTOM OF THE 5TH |
Minnesota ManBearPigs batting - Pitching for Newark Bulldogs : RHP Ben Larsen
|
Batting: RHB Irving Galloway
|
0-0: Swinging Strike 0-1: SINGLE (Line Drive, 78M)
|
Batting: LHB Dave Raines
|
0-0: Called Strike 0-1: Foul Ball, location: 2F 0-2: Ball 1-2: Fly out, F9 (Line Drive, 9)
|
Batting: RHB Juan Trujillo
|
0-0: Called Strike 0-1: Ball 1-1: Swinging Strike 1-2: Ball 2-2: Ball 3-2: Base on Balls Irving Galloway to second
|
Pitching: RHP José Gonzáles
|
|
Batting: RHB Carlos Luna
|
0-0: Ball 1-0: Swinging Strike 1-1: Ball 2-1: Called Strike 2-2: Strikes out swinging
|
Batting: SHB Juan Carlos González
|
0-0: Ground out 6-3 (Groundball, 6S)
|
Bottom of the 5th over - 0 run(s), 1 hit(s), 0 error(s), 2 left on base; Newark 4 - Minnesota 4 |
TOP OF THE 6TH |
Newark Bulldogs batting - Pitching for Minnesota ManBearPigs : RHP Gabriel McDaniel
|
Batting: RHB Stan Simpson
|
0-0: Called Strike 0-1: Foul Ball, location: 2F 0-2: Foul Ball, location: 2F 0-2: Ball 1-2: Strikes out swinging
|
Batting: LHB Gerardo Guzmán
|
0-0: Ball 1-0: SINGLE (Line Drive, 4D)
|
Batting: RHB Wilson Flores
|
0-0: Hit by Pitch Gerardo Guzmán to second
|
Batting: LHB Gabriel Aragón
|
0-0: Ball Gerardo Guzmán steals 3rd base Wilson Flores to second 1-0: Foul Ball, location: 2F 1-1: Foul Ball, location: 2F 1-2: Ball 2-2: Foul Ball, location: 2F 2-2: Strikes out looking
|
Batting: RHB Tony Long
|
0-0: Intentional Walk
|
Batting: LHB Wes Stone
|
0-0: Ball 1-0: Called Strike 1-1: Foul Ball, location: 2F 1-2: Strikes out swinging
|
Top of the 6th over - 0 run(s), 1 hit(s), 0 error(s), 3 left on base; Newark 4 - Minnesota 4 |
BOTTOM OF THE 6TH |
Minnesota ManBearPigs batting - Pitching for Newark Bulldogs : RHP José Gonzáles
|
Batting: RHB Pedro López
|
0-0: Swinging Strike 0-1: Swinging Strike 0-2: Strikes out swinging, 2-3 out at first.
|
Batting: RHB Carlos López
|
0-0: Foul Ball, location: 2F 0-1: Ball 1-1: Ball 2-1: Foul Ball, location: 2F 2-2: Ball 3-2: Base on Balls
|
Batting: RHB Ricardo Salazar
|
0-0: Ball 1-0: Ball 2-0: Ball 3-0: Base on Balls Carlos López to second
|
Batting: LHB Elvin Summers
|
0-0: Ball 1-0: Called Strike Ricardo Salazar steals 2nd base Carlos López to third 1-1: Intentional Walk
|
Batting: RHB Irving Galloway
|
0-0: Foul Ball, location: 2F 0-1: Fielders Choice at 2nd, 6-4 (Groundball, 6) Carlos López scores Ricardo Salazar to third
|
Batting: LHB Dave Raines
|
0-0: Fly out, F8 (Flyball, 8RM)
|
Bottom of the 6th over - 1 run(s), 0 hit(s), 0 error(s), 2 left on base; Newark 4 - Minnesota 5 |
TOP OF THE 7TH |
Newark Bulldogs batting - Pitching for Minnesota ManBearPigs : RHP Gabriel McDaniel
|
Batting: RHB Norris Howard
|
0-0: Ball 1-0: TRIPLE (Flyball, 8LXD)
|
Pinch Hitting: LHB Marvin Morris
|
0-0: Ball 1-0: Ball 2-0: Foul Ball, location: 2F 2-1: SINGLE (Line Drive, 4MD) Norris Howard scores
|
Batting: RHB Joe Baker
|
0-0: Sac Bunt - play at first, batter OUT! 1-3 Marvin Morris to second
|
Pinch Hitting: RHB Michael Skinner
|
0-0: DOUBLE (Groundball, 5L) Marvin Morris scores
|
Batting: LHB Gerardo Guzmán
|
0-0: Intentional Walk
|
Pitching: RHP Danny Johnston
|
|
Pinch Hitting: RHB Emílio Salas
|
0-0: Called Strike 0-1: Called Strike 0-2: Foul Ball, location: 2F 0-2: Foul Ball, location: 2F 0-2: 3-RUN HOME RUN (Flyball, 8LXD), Distance : 433 ft
|
Batting: LHB Gabriel Aragón
|
0-0: Called Strike 0-1: Swinging Strike 0-2: Ground out 6-3 (Groundball, 6)
|
Batting: RHB Tony Long
|
0-0: Ball 1-0: Ball 2-0: Swinging Strike 2-1: Foul Ball, location: 2F 2-2: Strikes out swinging
|
Top of the 7th over - 5 run(s), 4 hit(s), 0 error(s), 0 left on base; Newark 9 - Minnesota 5 |
BOTTOM OF THE 7TH |
Minnesota ManBearPigs batting - Pitching for Newark Bulldogs : RHP José Gonzáles
|
Now at 2B: Emílio Salas
|
|
Now at 3B: Juan Martínez
|
|
Now in RF: Marvin Morris
|
|
Batting: RHB Juan Trujillo
|
0-0: Ball 1-0: Called Strike 1-1: Ball 2-1: Called Strike 2-2: Foul Ball, location: 2F 2-2: Ball 3-2: Ground out 6-3 (Groundball, 6)
|
Batting: RHB Carlos Luna
|
0-0: Ball 1-0: Called Strike 1-1: Foul Ball, location: 2F 1-2: Ground out 6-3 (Groundball, 6)
|
Batting: SHB Juan Carlos González
|
0-0: Called Strike 0-1: SINGLE (Groundball, 34D)
|
Batting: RHB Pedro López
|
0-0: Fielders Choice at 2nd, 4-6 (Groundball, 34D)
|
Bottom of the 7th over - 0 run(s), 1 hit(s), 0 error(s), 0 left on base; Newark 9 - Minnesota 5 |
TOP OF THE 8TH |
Newark Bulldogs batting - Pitching for Minnesota ManBearPigs : RHP Danny Johnston
|
Batting: LHB Wes Stone
|
0-0: Ground out 4-3 (Groundball, 4)
|
Batting: RHB Norris Howard
|
0-0: SINGLE (Line Drive, 6MD)
|
Batting: LHB Marvin Morris
|
0-0: Ball 1-0: Ball 2-0: Ball Wild Pitch! Norris Howard to second 3-0: Intentional Walk
|
Batting: RHB Joe Baker
|
0-0: Reached via error on a dropped throw, E4 Norris Howard to third Marvin Morris to second
|
Batting: RHB Juan Martínez
|
0-0: Foul Ball, location: 2F 0-1: SINGLE (Line Drive, 78S) Norris Howard scores Marvin Morris to third Joe Baker to second Runner from 3rd tries for Home, SAFE, throw made home
|
Pitching: RHP Matt Stevenson
|
|
Batting: LHB Gerardo Guzmán
|
0-0: Ball 1-0: Ball 2-0: Foul Ball, location: 2F 2-1: Swinging Strike 2-2: Strikes out swinging
|
Batting: RHB Emílio Salas
|
0-0: Fly out, F8 (Line Drive, 8LXD)
|
Top of the 8th over - 2 run(s), 2 hit(s), 1 error(s), 2 left on base; Newark 11 - Minnesota 5 |
BOTTOM OF THE 8TH |
Minnesota ManBearPigs batting - Pitching for Newark Bulldogs : RHP José Gonzáles
|
Batting: RHB Carlos López
|
0-0: Called Strike 0-1: Ball 1-1: Ball 2-1: Ball 3-1: Base on Balls
|
Batting: RHB Ricardo Salazar
|
0-0: Swinging Strike 0-1: Called Strike 0-2: SINGLE (Line Drive, 34D) Carlos López to second
|
Batting: LHB Elvin Summers
|
0-0: Fielders Choice at 2nd, 4-6 (Groundball, 4) Carlos López to third
|
Batting: RHB Irving Galloway
|
0-0: Ground out 5-3 (Groundball, 56S) Carlos López scores Elvin Summers to second
|
Pitching: RHP Roberto Cordero
|
|
Batting: LHB Dave Raines
|
0-0: Ball 1-0: Foul Ball, location: 2F 1-1: SINGLE (Groundball, 34S) (infield hit) Elvin Summers to third
|
Batting: RHB Juan Trujillo
|
0-0: Foul Ball, location: 2F 0-1: Ball 1-1: Fielders Choice at 2nd, 6-4 (Groundball, 6D)
|
Bottom of the 8th over - 1 run(s), 2 hit(s), 0 error(s), 1 left on base; Newark 11 - Minnesota 6 |
TOP OF THE 9TH |
Newark Bulldogs batting - Pitching for Minnesota ManBearPigs : RHP Matt Stevenson
|
Batting: LHB Gabriel Aragón
|
0-0: Ball 1-0: Ball 2-0: Ball 3-0: Called Strike 3-1: Foul Ball, location: 2F 3-2: Ground out 3-1 (Groundball, 34S)
|
Batting: RHB Tony Long
|
0-0: Called Strike 0-1: Ball 1-1: Ball 2-1: Ball 3-1: Base on Balls
|
Batting: LHB Wes Stone
|
0-0: Called Strike 0-1: Ball 1-1: Foul Ball, location: 2F 1-2: Ball 2-2: Foul Ball, location: 2F 2-2: Fly out, F9 (Flyball, 9LM)
|
Batting: RHB Norris Howard
|
0-0: Swinging Strike 0-1: Ball 1-1: Ball Wild Pitch! Tony Long to second 2-1: Ball 3-1: Base on Balls
|
Batting: LHB Marvin Morris
|
0-0: Ball 1-0: Ball 2-0: Ball 3-0: Called Strike 3-1: Called Strike 3-2: Foul Ball, location: 2F 3-2: SINGLE (Groundball, 3D) Tony Long to third Norris Howard to second Tony Long scores Norris Howard to third
|
Batting: RHB Joe Baker
|
0-0: Called Strike 0-1: Called Strike 0-2: Ball 1-2: Ball 2-2: Strikes out looking
|
Top of the 9th over - 1 run(s), 1 hit(s), 0 error(s), 2 left on base; Newark 12 - Minnesota 6 |
BOTTOM OF THE 9TH |
Minnesota ManBearPigs batting - Pitching for Newark Bulldogs : RHP Roberto Cordero
|
Batting: RHB Carlos Luna
|
0-0: Called Strike 0-1: Ball 1-1: SINGLE (Line Drive, 6MD)
|
Batting: SHB Juan Carlos González
|
0-0: SINGLE (Groundball, 6D) Carlos Luna to second
|
Batting: RHB Pedro López
|
0-0: Foul Ball, location: 2F 0-1: Ball 1-1: Ball 2-1: Foul Ball, location: 2F 2-2: Ball 3-2: Foul Ball, location: 2F 3-2: Strikes out swinging
|
Batting: RHB Carlos López
|
0-0: Ball 1-0: Swinging Strike 1-1: Ball 2-1: Foul Ball, location: 2F 2-2: Foul Ball, location: 2F 2-2: Foul Ball, location: 2F 2-2: Ball 3-2: Grounds into double play, 6-4-3 (Groundball, 6)
|
Bottom of the 9th over - 0 run(s), 2 hit(s), 0 error(s), 1 left on base; Newark 12 - Minnesota 6 |
|